 Dungeon Crawl Stone Soup version 0.27.0-1-g7a089689b8 (webtiles) character file.

Game seed: 4777687176032471366

28 Leeroy the Slasher (level 3, -1/28 HPs)
             Began as a Djinni Warper on Aug 5, 2021.
             Slain by Sigmund (8 damage)
             ... on level 2 of the Dungeon.
             The game lasted 00:01:43 (1653 turns).

Leeroy the Slasher (Djinni Warper)                  Turns: 1653, Time: 00:01:44

Health: -1/28      AC: 10    Str: 10    XL:     3   Next: 30%
Gold:   63         EV:  1    Int: 15    God:
                   SH:  0    Dex: 12

rFire    + + .     SeeInvis .   a - +0 falchion
rCold    x . .     Faith    .   (no shield)
rNeg     . . .     Spirit   .   h - +0 plate armour
rPois    ∞         Reflect  .   (no helmet)
rElec    .         Harm     .   (no cloak)
rCorr    .         Rampage  .   (no gloves)
Will     .....                  (boots unavailable)
Stlth    ..........             (no amulet)
HPRegen  0.09/turn              (no ring)
MPRegen  0.00/turn              (no ring)

@: confused, flying
A: sickness immunity, fire resistance 2, cold vulnerability 1, float, innate
caster, hp casting, extra vitality 1
a: no special abilities


You were on level 2 of the Dungeon.
You visited 1 branch of the dungeon, and saw 2 of its levels.

You collected 63 gold pieces.

Inventory:

Hand Weapons
 a - a +0 falchion (weapon)
Missiles
 d - 5 boomerangs of dispersal (quivered)
Armour
 b - a +0 leather armour
 f - a +0 ring mail
 h - a +0 plate armour (worn)
 l - a +0 pair of gloves
Jewellery
 i - a ring of magical power
 k - a ring of willpower
Scrolls
 c - a scroll of blinking
 e - a scroll of summoning {unknown}
 g - a scroll of identify {unknown}
Potions
 j - a potion of magic {unknown}


   Skills:
 - Level 2.0 Fighting
 + Level 3.2 Long Blades
 - Level 0.7 Throwing
 - Level 1.0 Armour
 - Level 2.1 Dodging
 - Level 2.4 Spellcasting


You couldn't memorise any spells.
You knew the following spells:

 Your Spells              Type           Power      Damage    Failure   Level
a - Blink                 Tloc           N/A        N/A       100%        2
b - Lesser Beckoning      Tloc           4%         N/A       100%        3
c - Gell's Gravitas       Tloc           4%         N/A       100%        3
d - Teleport Other        Tloc           9%         N/A       100%        3
e - Manifold Assault      Tloc           9%         N/A       100%        5
f - Magic Dart            Conj           36%        1d4       100%        1
Your spell library was empty.


Dungeon Overview and Level Annotations

Branches:
Dungeon (2/15)

Altars:

Shops:
D:1 [

Annotations:
D:2 Sigmund


Innate Abilities, Weirdness & Mutations

You are immune to sickness and miasma.
You are immune to poison.
Your flesh is very heat resistant. (rF++)
You are vulnerable to cold. (rC-)
You float through the air rather than walking.
You learn spells naturally, not from books.
Your magical power is your life essence.
You have superior vitality. (+4 HP)


Message History

The goblin is almost dead.
The goblin hits you but does no damage.
You hit the goblin.
You kill the goblin!
No target in view!
No target in view!
No target in view!
No target in view!
A bat comes into view.
A bat is nearby!
You hit the bat but do no damage. The bat hits you but does no damage. x2
You barely miss the bat. The bat hits you but does no damage.
Sigmund the Dreaded comes into view.
He is wielding a +0 scythe.
The bat hits you but does no damage.
Sigmund shouts!
The bat hits you but does no damage. The bat hits you but does no damage.
The bat hits you. The bat hits you but does no damage.
Sigmund mumbles some strange words.
Sigmund flickers and vanishes!
Deactivating autopickup; reactivate with Ctrl-A.
Found 32 stones.
The bat hits you but does no damage. Something hits you but does no damage.
The bat hits you but does no damage. Something hits you!
The bat hits you but does no damage. Something hits you. The bat hits you.
You hear some strange, mumbled words.
You are confused.
The bat hits you. The bat hits you but does no damage.
The bat hits you but does no damage. Something hits you.
* * * LOW HITPOINT WARNING * * *
You closely miss something. The bat hits you but does no damage.
Something hits you but does no damage.
You closely miss something. The bat hits you but does no damage.
Something completely misses you. The bat hits you but does no damage.
The bat hits you.
* * * LOW HITPOINT WARNING * * *
Something hits you!
You die...

.#...............#
.................#
#...............##
.###.....#......#
#.##.########...
..##.##.## ###....J
#.....)..####...#.....
#######...........#.....
.......@b)....#.........
#.............#.... ....
........{.........#
..................#
...................
...................
...................
#............#.#..#
##....(............


You could see a bat.

Vanquished Creatures
  A dart slug (D:2)
  A ball python (D:1)
  2 bats (D:1)
  4 endoplasms
  A giant cockroach (D:1)
  A hobgoblin (D:1)
  3 quokkas (D:1)
  4 goblins
  3 kobolds
  4 rats (D:1)
24 creatures vanquished.

Notes
Turn   | Place    | Note
-------+----------+-------------------------------------------
     0 | D:1      | Leeroy the Djinni Warper began the quest for the Orb.
     0 | D:1      | Reached XP level 1. HP: 18/18 MP: 0/0
   151 | D:1      | Found Pocvorui's Armour Shoppe.
   155 | D:1      | Reached skill level 2 in Long Blades
   185 | D:1      | Reached XP level 2. HP: 13/23 MP: 0/0
  1236 | D:1      | Reached XP level 3. HP: 15/28 MP: 0/0
  1236 | D:1      | Learned a level 1 spell: Magic Dart
  1237 | D:1      | Reached skill level 3 in Long Blades
  1639 | D:2      | Noticed Sigmund
  1653 | D:2      | Slain by Sigmund

Illustrated notes

Levels and vault maps discovered:
D:1:      amcnicky_arrival_gap_in_the_tavern_cellar, layout_rooms, serial_shops,
          shop, minmay_misc_feat_square
D:2:      layout_rooms, basic_altar, basic_ecumenical_altar, st_stairs_5,
          chequers_big_river, uniq_sigmund, uniq_jessica

Skill      XL: |  1  2  3 |
---------------+----------+-----
Long Blades    | 2 3 |  3.2
Fighting       | |  2.0
Throwing       | |  0.7
Armour         | |  1.0
Dodging        | |  2.1
Spellcasting   | |  2.4

Action                   || total
-------------------------++-------
Melee: Falchion          ||    85
Armor: Leather armour    ||    12
       Plate armour      ||    61
Dodge: Dodged            ||    29
       Rpst.: Falchion   ||    10
